Map: Ever Dream LE

Players

Bunny - Winner!

  • Race: Terran Terran
  • Spawn Location: 7:00

DPGCure (Cure)

  • Race: Terran Terran
  • League: Master
  • Spawn Location: 1:00

Event: StayAtHomestory Cup #2

VOD

Have the link to the VOD?

Description

Time

  • Played on: June 12, 2020, 2:46 p.m.
  • Length: 7:29

All games in this series

Show
View Real Time Build Order
Export as new Build Order

Bunny Terran - Winner!

Build Orders: Gas First Reaper Expand, Liberator Opening 

Get SALT Encoding   

  12  0:00  SCV  
  13  0:13  SCV  
  14  0:17  Supply Depot  
  14  0:25  SCV  
  15  0:29  Refinery  
  15  0:39  SCV  
  16  0:43  Barracks  
  16  0:51  SCV  
  17  1:03  SCV  
  18  1:15  SCV  
  19  1:29  Orbital Command  
  19  1:30  Reaper  
  20  1:42  Command Center  
  20  1:53  Factory  
  20  1:57  SCV  
  21  2:06  Supply Depot  
  21  2:07  Barracks Reactor  
  21  2:11  SCV  
  22  2:21  Refinery  
  22  2:23  SCV  
  23  2:36  SCV  
  24  2:45  Starport  
  24  2:47  Hellion x2  
  24  2:48  SCV  
  29  2:54  Orbital Command  
  29  3:00  SCV  
  30  3:09  Hellion x2  
  30  3:12  SCV  
  35  3:20  SCV  
  35  3:21  Liberator  
  39  3:30  Hellion x2  
  39  3:31  Barracks Tech Lab  
  43  3:36  Supply Depot  
  43  3:38  SCV  
  43  3:39  SCV  
  45  3:48  Supply Depot  
  45  3:54  SCV  
  46  3:58  SCV  
  46  3:59  Cyclone, Marine x2  
  52  4:04  Refinery, Starport Tech Lab  
  52  4:07  SCV  
  53  4:10  SCV  
  53  4:11  Supply Depot  
  54  4:17  Marine x2  
  54  4:20  SCV  
  54  4:22  SCV, Raven  
  60  4:36  Marine x2  
  57  4:41  Siege Tank  
  57  4:43  SCV x2  
  57  4:44  Bunker  
  62  4:48  Supply Depot  
  59  4:54  Marine x2  
  59  4:55  SCV x2  
  63  5:02  Command Center  
  63  5:05  Raven  
  65  5:07  Refinery  
  65  5:08  SCV x2  
  65  5:12  Marine x2  
  69  5:17  Siege Tank  
  72  5:21  SCV, Supply Depot  
  72  5:22  SCV  
  74  5:30  Supply Depot, Marine x2  
  74  5:33  SCV  
  74  5:34  SCV  
  78  5:45  SCV  
  78  5:46  SCV, Supply Depot  
  78  5:49  Siege Tank  
  83  5:57  Supply Depot  
  83  5:58  SCV x2  
  83  6:00  Viking  
  83  6:01  Viking  
  83  6:02  Marine  
  90  6:13  Supply Depot  
  90  6:15  Orbital Command  
  90  6:20  Marine  
  90  6:21  SCV x2, Siege Tank  
  96  6:30  Viking  
  96  6:31  Viking  
  96  6:32  Barracks  
  100  6:35  Barracks  
  100  6:38  Orbital Command  
  100  6:39  Marine  
  100  6:48  SCV x2, Engineering Bay  
  100  6:49  Engineering Bay  
  102  6:55  Supply Depot, Siege Tank  
  102  6:56  Marine  
  110  7:10  SCV x2, Supply Depot  
  89  7:24  Barracks Reactor x2  
Show
View Real Time Build Order
Export as new Build Order

DPGCure Terran 

Build Orders:  

Get SALT Encoding   

  12  0:00  SCV  
  13  0:12  SCV  
  14  0:17  Supply Depot  
  14  0:24  SCV  
  14  0:27  Refinery  
  15  0:38  SCV  
  16  0:43  Barracks  
  16  0:50  SCV  
  16  0:54  Refinery  
  17  1:02  SCV  
  18  1:14  SCV  
  19  1:30  Reaper, Orbital Command  
  20  1:34  Factory  
  20  1:45  Supply Depot  
  20  1:56  SCV  
  21  2:03  Reaper  
  21  2:08  SCV  
  23  2:19  Hellion  
  23  2:20  SCV  
  25  2:30  Command Center  
  25  2:33  SCV  
  25  2:35  Barracks Reactor  
  26  2:42  Factory Tech Lab  
  26  2:44  Supply Depot  
  26  2:45  SCV  
  27  2:57  SCV  
  28  3:00  Cyclone  
  31  3:07  Starport  
  31  3:11  SCV  
  31  3:12  Marine  
  33  3:15  Marine  
  34  3:23  SCV, Refinery  
  37  3:38  SCV  
  38  3:41  Siege Tank  
  38  3:43  Medivac  
  38  3:44  Orbital Command  
  38  3:47  Marine  
  42  3:49  Marine  
  42  3:51  SCV  
  44  4:00  Supply Depot  
  44  4:04  SCV  
  44  4:05  Marine  
  44  4:07  Marine  
  44  4:09  SCV  
  48  4:13  Cyclone  
  51  4:18  Starport Tech Lab  
  51  4:19  SCV  
  51  4:21  SCV  
  51  4:23  Marine  
  54  4:25  Marine  
  55  4:34  SCV x2  
  55  4:37  Raven  
  57  4:46  SCV x2  
  59  4:59  Command Center  
  59  5:01  Siege Tank  
  59  5:03  Supply Depot  
  62  5:09  SCV x2, Marine x2  
  62  5:12  Supply Depot  
  66  5:20  Raven  
  68  5:21  SCV x2, Refinery  
  68  5:27  Marine  
  71  5:28  Marine  
  71  5:33  SCV x2  
  74  5:38  Siege Tank  
  74  5:41  Supply Depot  
  77  5:45  SCV x2  
  77  5:46  Marine x2  
  81  5:57  SCV  
  81  5:58  SCV  
  81  6:00  Barracks  
  81  6:01  Barracks  
  83  6:10  SCV x2  
  85  6:15  Orbital Command  
  85  6:16  Marine  
  85  6:17  Viking x2  
  90  6:22  Siege Tank  
  93  6:28  SCV x2  
  95  6:34  Marine  
  96  6:45  Orbital Command  
  96  6:49  Barracks Reactor x2  
  96  6:52  Marine  
  96  6:54  Siege Tank  
  96  6:55  SCV  
  96  6:56  SCV  
  101  7:05  Engineering Bay  
  101  7:06  Supply Depot, Engineering Bay  
  104  7:08  SCV x2  
  104  7:10  Marine  
Tags
 
Add a new tag
Caveats
  • Supply blocks, unpowered buildings, or Contaminate may cause inaccurate times.
  • Supply counts are checked every 10 seconds.